 Dungeon Crawl Stone Soup version 0.30-a0-393-g54b8e3be05 (webtiles) character file.

Game seed: 12953396922489885374

154 avis the Chiller (level 4, 0/35 HPs)
             Began as a Demigod Ice Elementalist on Dec 5, 2022.
             Killed from afar by Blork the orc (8 damage)
             ... with a magic dart
             ... on level 4 of the Dungeon.
             The game lasted 00:19:44 (4185 turns).

avis the Chiller (Demigod Ice Elementalist)         Turns: 4185, Time: 00:19:45

Health: 0/35       AC: 10    Str:  9    XL:     4   Next: 89%
Magic:  3/11       EV: 12    Int: 17    God:
Gold:   173        SH:  0    Dex: 18    Spells: 2/9 levels left

rFire   . . .      SeeInvis .    b - +0 sling
rCold   . . .      Faith    .    (no shield)
rNeg    . . .      Spirit   .    c - +0 robe
rPois   .          Reflect  .    (no helmet)
rElec   .          Harm     .    (no cloak)
rCorr   .          Rampage  .    n - +1 pair of gloves
Will    .....                    (no boots)
Stlth   ++........               (no amulet)
HPRegen 0.25/turn                (no ring)
MPRegen 0.12/turn                (no ring)

@: ice-armoured, very slightly contaminated
A: high MP 1, forlorn, divine attributes
a: no special abilities


You were on level 4 of the Dungeon.
You visited 1 branch of the dungeon, and saw 4 of its levels.

You collected 173 gold pieces.

Inventory:

Hand Weapons
 a - a +2 short sword of flaming
 b - a +0 sling (weapon)
 l - a +0 flail of protection
 r - a +0 rapier
 x - the +1 spear of Aphisy {flame, rElec rCorr MP+9 Dex-2}
   (You took it off a hobgoblin on level 3 of the Dungeon)

   It burns those it strikes, dealing additional fire damage.
   Dex:       It affects your dexterity (-2).
   rElec:     It insulates you from electricity.
   MP:        It affects your magic capacity (+9).
   rCorr:     It protects you from acid and corrosion.
 A - a +3 short sword
Missiles
 k - 4 javelins
 v - 2 curare-tipped darts
Armour
 c - a +0 robe (worn)
 n - a +1 pair of gloves (worn)
Jewellery
 y - a +6 ring of strength
Scrolls
 g - 2 scrolls of enchant armour {unknown}
 h - a scroll of vulnerability {unknown}
 j - 3 scrolls of identify {unknown}
 m - 2 scrolls of poison {unknown}
 o - 2 scrolls of noise {unknown}
 p - 2 scrolls of immolation {unknown}
 q - a scroll of fear {unknown}
 u - a scroll of fog {unknown}
 w - a scroll of brand weapon {unknown}
Potions
 d - a potion of lignification {unknown}
 e - 2 potions of magic
 f - 2 potions of berserk rage {unknown}
 i - 2 potions of brilliance {unknown}
 s - a potion of heal wounds {unknown}
 t - 2 potions of curing {unknown}
 z - 2 potions of degeneration {unknown}


   Skills:
 * Level 1.2 Fighting
 - Level 1.7 Dodging
 - Level 1.7 Stealth
 - Level 3.0 Spellcasting
 - Level 5.0 Ice Magic


You had 2 spell levels left.
You knew the following spells:

 Your Spells              Type           Power      Damage    Failure   Level
a - Freeze                Ice            76%        1d8       2%          1
o - Ozocubu's Armour      Ice            19%        N/A       7%          3
r - Frozen Ramparts       Ice            38%        1d6       7%          3

Your spell library contained the following spells:

 Spells                   Type           Power      Damage    Failure   Level
 Summon Small Mammal      Summ           8%         N/A       17%         1
 Call Canine Familiar     Summ           2%         N/A       45%         3
 Summon Guardian Golem    Hex/Summ       2%         N/A       45%         3
 Tukima's Dance           Hex            2%         N/A       45%         3
 Summon Ice Beast         Ice/Summ       11%        N/A       52%         4
 Passage of Golubria      Tloc           2%         N/A       86%         4
 Yara's Violent Unravell  Hex/Tmut       1%         3d3       99%         5


Dungeon Overview and Level Annotations

Branches:
Dungeon (4/15)
 Temple: D:4-7

Shops:
D:3 (

Annotations:
D:2 1 runed translucent door, exclusion: door, Jessica, Sigmund
D:4 exclusion: lemure, Blork the orc


Innate Abilities, Weirdness & Mutations

You have an increased reservoir of magic. (+10% MP)
You shall have no god before yourself.
Your divine heritage dramatically boosts your attributes as you level up.


Message History

Casting: Frozen Ramparts (dangerous; 7% risk of failure)
Press: ? - help, Dir - look around, f - activate The walls around you are covered in ice.
Fire: b) +0 sling
Press: ? - help, Q - select action, (/) - cycle Shift-Dir - straight line, f - Blork the orc
Aim: Blork the orc, wielding a +0 glaive, wearing a +2 robe of fire resistance and carrying a wand of digging (7) (61% to hit)
You shoot a sling bullet. The sling bullet hits Blork the orc.
Blork the orc is lightly wounded.
Fire: b) +0 sling
Press: ? - help, Q - select action, (/) - cycle Shift-Dir - straight line, f/p - Blork the orc
Aim: Blork the orc, wielding a +0 glaive, wearing a +2 robe of fire resistance and carrying a wand of digging (7) (lightly wounded, 61% to hit)
You shoot a sling bullet. The sling bullet hits Blork the orc.
Blork the orc is moderately wounded.
Unknown command.
Fire: b) +0 sling
Press: ? - help, Q - select action, (/) - cycle Shift-Dir - straight line, f/p - Blork the orc
Aim: Blork the orc, wielding a +0 glaive, wearing a +2 robe of fire resistance and carrying a wand of digging (7) (moderately wounded, 61% to hit)
You shoot a sling bullet.
The sling bullet barely misses Blork the orc.
The wall freezes Blork the orc.
Blork the orc hits you from afar with a +0 glaive!
The wall freezes Blork the orc.
Blork the orc closely misses you.
Fire: b) +0 sling
Press: ? - help, Q - select action, (/) - cycle Shift-Dir - straight line, f/p - Blork the orc
Aim: Blork the orc, wielding a +0 glaive, wearing a +2 robe of fire resistance and carrying a wand of digging (7) (heavily wounded, 61% to hit)
You shoot a sling bullet.
The sling bullet barely misses Blork the orc.
The frozen ramparts melt away.
Blork the orc hits you from afar with a +0 glaive!
* * * LOW HITPOINT WARNING * * *
Casting: Frozen Ramparts (dangerous; 7% risk of failure)
Confirm with . or Enter, or press ? or * to list all spells.
Casting: Frozen Ramparts (dangerous; 7% risk of failure)
Press: ? - help, Dir - look around, f - activate You miscast Frozen Ramparts.
You are very lightly contaminated with residual magic.
Nothing appears to happen.
Blork the orc casts a spell at you. The magic dart hits you!
You die...

....###............# ....#
#...........# #..##
##..........# ##### ####
##...........# #.....
#............# #..o...
#..(........####.......
##...........###........ #
#....................... ..#
#...........@.o.........
##.##..........###..........
............## ##.........
.............# #..........
....##.........# #..........
.... #...####..# #..........
#..# ...## #... ##.$.......
.#. 5.. #. .##....... .
###....


You could see Blork the orc.

Vanquished Creatures
  A jelly (D:4)
  Terence (D:2)
  Natasha (D:3)
  2 adders (D:2)
  2 worms
  A dart slug (D:2)
  An orc (D:4)
  2 bats (D:1)
  9 endoplasms
  2 giant cockroaches
  2 goblins
  6 hobgoblins
  A quokka (D:2)
  8 ball pythons
  3 frilled lizards
  4 kobolds
  3 rats
49 creatures vanquished.

Notes
Turn   | Place    | Note
-------+----------+-------------------------------------------
     0 | D:1      | avis the Demigod Ice Elementalist began the quest for the
                  | Orb.
     0 | D:1      | Reached XP level 1. HP: 14/14 MP: 5/5
   247 | D:1      | Reached skill level 4 in Ice Magic
   423 | D:1      | Reached XP level 2. HP: 20/20 MP: 1/7
   694 | D:1      | Reached skill level 1 in Fighting
  1273 | D:2      | Noticed Terence
  1327 | D:2      | Killed Terence
  1328 | D:2      | Reached XP level 3. HP: 15/28 MP: 1/9
  1721 | D:2      | Learned a level 3 spell: Frozen Ramparts
  1725 | D:2      | Learned a level 3 spell: Ozocubu's Armour
  1862 | D:2      | Reached XP level 4. HP: 35/35 MP: 1/10
  1979 | D:2      | Noticed Sigmund
  2005 | D:2      | Noticed Jessica
  2064 | D:2      | Found a runed translucent door.
  2564 | D:3      | Noticed Natasha
  2578 | D:3      | Killed Natasha
  2579 | D:3      | Reached skill level 5 in Ice Magic
  2799 | D:3      | Identified the +1 spear of Aphisy {flame, rElec rCorr MP+9
                  | Dex-2}
  3020 | D:3      | Found Jonweor's Antique Weapon Shop.
  4152 | D:4      | Noticed a lemure
  4169 | D:4      | Noticed Blork the orc
  4185 | D:4      | Killed from afar by Blork the orc

Illustrated notes

Levels and vault maps discovered:
D:1:      minmay_arrival_stone_box, layout_loops_cross,
          shapermc_ecumenical_altar_acropolis, minmay_misc_feat_iff,
          serial_bayou_pond_b
D:2:      layout_basic, uniq_sigmund, uniq_terence, uniq_jessica,
          uniq_crazy_yiuf_cottage
D:3:      layout_loops_cross, chequers_temple_overflow_statue_of_worship,
          overflow_temple_1_default, marbit_many_paths, serial_shops, shop,
          uniq_natasha
D:4:      layout_cave_pods, hangedman_decor_opposing, dreamdust_wishing_well,
          uniq_blork_the_orc, uniq_pikel

Skill      XL: |  1  2  3  4 |
---------------+-------------+-----
Ice Magic      | 4 5 |  5.0
Spellcasting   | 2 3 |  3.0
Fighting       | 1 |  1.2
Dodging        | |  1.7
Stealth        | |  1.7

Action                   |  1- 3 |  4- 6 || total
-------------------------+-------+-------++-------
Melee: Short sword       |     4 |     3 ||     7
       Rapier            |     7 |       ||     7
       Spear             |       |    11 ||    11
 Fire: Sling             |    16 |    11 ||    27
 Cast: Freeze            |    47 |    14 ||    61
       Frozen Ramparts   |     2 |     7 ||     9
       Ozocubu's Armour  |     2 |     5 ||     7
 Stab: Sleeping          |     1 |     5 ||     6
Armor: Robe              |    11 |     2 ||    13
Dodge: Dodged            |    27 |     9 ||    36

Table legend: (Time is in decaauts)
 A = Elapsed time spent in this place.
 B = Non-inter-level travel time spent in this place.
 C = Inter-level travel time spent in this place.
 D = Time resting spent in this place.
 E = Time spent auto-exploring this place.
 F = Levels seen in this place.
 G = Mean time per level.
                   A        B        C        D        E       F      G
               +--------+--------+--------+--------+--------+-----+--------+
         Total |   4191 |   3808 |    383 |   1042 |   2089 |   4 | 1047.8 |
       Dungeon |   4191 |   3808 |    383 |   1042 |   2089 |   4 | 1047.8 |
               +--------+--------+--------+--------+--------+-----+--------+

Top non-repeatable levels by time:
     D:3: 1278 daAuts
     D:2: 1277 daAuts
     D:1: 1173 daAuts
     D:4: 462 daAuts
